 Dungeon Crawl Stone Soup version 0.25.1-2-g60ff931df9 (webtiles) character file.

Game seed: 729096820139676186

1935 gbos the Cleaver (level 9, -3/55 HPs)
             Began as a Gargoyle Fighter on Nov 17, 2020.
             Was an Initiate of Ru.
             Slain by a two-headed ogre
             ... wielding a +0 giant club
              (9 damage)
             ... on level 7 of the Dungeon.
             The game lasted 00:05:43 (5896 turns).

gbos the Cleaver (Gargoyle Fighter)                 Turns: 5896, Time: 00:05:44

Health: -3/55      AC: 20    Str: 23    XL:     9   Next: 17%
Magic:  9/9        EV:  8    Int:  9    God:    Ru [......]
Gold:   350        SH: 10    Dex:  9    Spells: 8/8 levels left

rFire    + + .     SeeInvis +   Y - +3 war axe
rCold    x . .     Gourm    .   t - +0 kite shield {AC+3}
rNeg     + . .     Faith    .   a - +0 fire dragon scales
rPois    ∞         Spirit   .   (no helmet)
rElec    +         Reflect  .   (no cloak)
rCorr    .         Harm     .   n - +1 pair of gloves
MR       +....                  (no boots)
Stlth    ..........             (no amulet)
HPRegen  0.18/turn              b - ring of see invisible
MPRegen  0.11/turn              f - ring of protection from magic

@: about to teleport
A: negative energy resistance 1, electricity resistance, unbreathing,
petrification resistance, rot immunity, AC +6
a: Sacrifice Artifice, Sacrifice Skill, Sacrifice Essence, Reject Sacrifices,
Renounce Religion


You were on level 7 of the Dungeon.
You worshipped Ru.
Ru was noncommittal.
You were not hungry.

You visited 2 branches of the dungeon, and saw 8 of its levels.

You collected 350 gold pieces.


Innate Abilities, Weirdness & Mutations

You are resistant to torment.
Your stone body is resilient. (AC +6)
You are immune to poison.
You resist negative energy. (rN+)
You are resistant to electric shocks. (rElec)
You can survive without breathing.
You are immune to petrification.
You are immune to rotting.


   Skills:
 - Level 6.2 Fighting
 + Level 8.6 Axes
 - Level 3.2 Armour
 - Level 2.1 Dodging
 - Level 6.0 Shields


You had 8 spell levels left.
You didn't know any spells.
Your spell library was empty.

Inventory:

Hand Weapons
 c - a cursed +0 morningstar
 Y - a +3 war axe (weapon)
Armour
 a - +0 fire dragon scales (worn)
 k - a +0 chain mail
 n - a +1 pair of gloves (worn)
 t - a +0 kite shield of protection (worn)
Jewellery
 b - a ring of see invisible (left hand)
 f - a ring of protection from magic (right hand)
Wands
 o - a wand of iceblast (10)
Scrolls
 i - 3 scrolls of remove curse
 j - a scroll of identify
 m - 5 scrolls of teleportation
Potions
 d - a potion of might
 h - 3 potions of cancellation
 r - a potion of curing
Comestibles
 e - 15 rations
 g - 2 chunks of flesh

Dungeon Overview and Level Annotations

Branches:
Dungeon (7/15)             Temple (1/1) D:5

Altars:
Ashenzari
Cheibriados
Fedhas
Hepliaklqana
Kikubaaqudgha
Makhleb
Nemelex Xobeh
Okawaru
Qazlal
Ru
Sif Muna
Trog
Vehumet
Wu Jian
Xom
Yredelemnul
Zin
The Shining One

Shops:
D:4 =

Portals:
Abyss: D:4
Bailey: D:7

Annotations:
D:4 2 transporters, gruber's ghost, amateur DEIE


Message History

The two-headed ogre is severely wounded.
The two-headed ogre hits you but does no damage. x2
You hit the two-headed ogre.
The two-headed ogre is severely wounded.
You block the two-headed ogre's attack. x2
You hit the two-headed ogre.
The two-headed ogre is almost dead.
Your shield prevents you from hitting the two-headed ogre.
The two-headed ogre is almost dead.
The two-headed ogre hits you with a +0 giant club.
The two-headed ogre barely misses you.
5895 ||| READING 6 scrolls of teleportation.
As you read the scroll of teleportation, it crumbles to dust.
You feel strangely unstable.
The two-headed ogre hits you but does no damage.
You block the two-headed ogre's attack.
You closely miss the two-headed ogre.
The two-headed ogre is almost dead.
The two-headed ogre hits you with a +0 giant club! x2
You die...

#..^.###...#........##...........
#....###.##.........#)...........
.......#............))..........#
#..................).)..........#
##..............#%(.###.........#
##..?.#......###...# #.##.......
###....##...##.!### ... ##.....
#.....#...##O..# #..## ....#
##..........@.## #.......#....#
#......##....# ##..##.####.....
#.# ### ##..... ## ##...# #.## .#


You could see a two-headed ogre.

Vanquished Creatures
  Grinder (D:6)
  Eustachio (D:4)
  A hungry ghost (D:7)
  Edmund (D:4)
  A phantom (D:4)
  A sky beast (D:7)
  A black bear (D:7)
  A centaur (D:7)
  A bullfrog (D:6)
  2 scorpions
  4 wights
  A crimson imp (D:5)
  An orc priest (D:6)
  2 jellies
  A bullfrog skeleton (D:7)
  2 hounds (D:6)
  7 orc wizards
  3 worker ants
  A hound skeleton (D:4)
  A worker ant zombie (D:5)
  5 adders
  3 gnolls (D:6)
  2 oozes
  An adder zombie (D:6)
  2 dart slugs
  A leopard gecko (D:3)
  18 orcs
  6 bats
  6 giant cockroaches
  5 goblins
  5 hobgoblins
  8 jackals
  2 quokkas
  2 ball pythons
  4 frilled lizards
  6 kobolds
  A leopard gecko skeleton (D:5)
  A quokka zombie (D:5)
  5 rats
117 creatures vanquished.

Notes
Turn   | Place    | Note
-------+----------+-------------------------------------------
     0 | D:1      | gbos the Gargoyle Fighter began the quest for the Orb.
     0 | D:1      | Reached XP level 1. HP: 14/14 MP: 1/1
     0 | D:1      | 0 ||| counter = 176
    38 | D:1      | Reached skill level 2 in Axes
    56 | D:1      | 56 ||| Stepping ~*~*~tactically~*~*~ (stealth).
   135 | D:1      | Reached XP level 2. HP: 19/19 MP: 2/2
   285 | D:1      | 285 ||| Stepping ~*~*~tactically~*~*~ (hiding).
   286 | D:1      | 286 ||| Waiting for ranged monster.
   287 | D:1      | 287 ||| Waiting for ranged monster.
   288 | D:1      | 288 ||| Waiting for ranged monster.
   291 | D:1      | 291 ||| Waiting for ranged monster.
   292 | D:1      | 292 ||| Waiting for ranged monster.
   293 | D:1      | 293 ||| Waiting for ranged monster.
   294 | D:1      | 294 ||| Waiting for ranged monster.
   399 | D:1      | Reached skill level 3 in Axes
   399 | D:1      | Reached XP level 3. HP: 23/23 MP: 3/3
   756 | D:1      | 756 ||| UPGRADING to chain mail.
   766 | D:1      | 766 ||| DROPPING +0 scale mail.
   767 | D:1      | 767 ||| UPGRADING to pair of gloves.
   772 | D:1      | 772 ||| READING scroll labeled OBEQUL OMAL.
   773 | D:1      | 773 ||| READING 2 scrolls labeled XUPISU RUKHU.
   774 | D:1      | 774 ||| UPGRADING to whip.
   775 | D:1      | 775 ||| SWAPPING to +0 war axe.
   776 | D:1      | 776 ||| READING 3 scrolls labeled KENEIM ZEISIXE.
   777 | D:1      | 777 ||| READING scroll labeled ABBENO ODAUMNUIV.
   778 | D:1      | 778 ||| DRINKING 2 emerald potions.
   814 | D:1      | 814 ||| READING 2 scrolls of identify.
   814 | D:1      | 814 ||| IDENTIFYING ivory ring
   815 | D:1      | 815 ||| DROPPING ring of wizardry.
   816 | D:1      | 816 ||| DROPPING potion of berserk rage.
   861 | D:2      | 861 ||| SWAPPING to glowing hand axe.
   862 | D:2      | 862 ||| SWAPPING to +0 war axe.
   863 | D:2      | 863 ||| DROPPING +0 vorpal hand axe.
   908 | D:2      | You fall into a shaft and drop 2 floors!
   922 | D:4      | 922 ||| Shafted from D:2 to D:4.
   934 | D:4      | Found a shattered altar of Ashenzari.
   961 | D:4      | Noticed a scorpion
   973 | D:4      | Killed a scorpion
   973 | D:4      | Reached skill level 4 in Axes
   973 | D:4      | Reached XP level 4. HP: 22/28 MP: 4/4
  1055 | D:4      | Noticed a phantom
  1139 | D:4      | Killed a phantom
  1139 | D:4      | Reached skill level 5 in Axes
  1139 | D:4      | Reached XP level 5. HP: 20/32 MP: 5/5
  1254 | D:4      | 1254 ||| EATING 7 rations.
  1277 | D:4      | 1277 ||| Stepping ~*~*~tactically~*~*~ (stealth).
  1279 | D:4      | 1279 ||| Stepping ~*~*~tactically~*~*~ (stealth).
  1290 | D:4      | 1290 ||| Stepping ~*~*~tactically~*~*~ (stealth).
  1291 | D:4      | 1291 ||| Stepping ~*~*~tactically~*~*~ (stealth).
  1403 | D:4      | Found Esocitz's Jewellery Shoppe.
  1461 | D:2      | 1461 ||| Successfully unshafted to D:2.
  1517 | D:2      | Found an ornate altar of the Wu Jian Council.
  1783 | D:2      | 1783 ||| READING 2 scrolls labeled LOPAOSTR EMAGOAM.
  1784 | D:2      | 1784 ||| READING scroll of enchant armour.
  1784 | D:2      | 1784 ||| ENCHANTING +0 pair of gloves.
  1785 | D:2      | 1785 ||| READING scroll labeled YSE XEUGOOWAM.
  1786 | D:2      | 1786 ||| READING 2 scrolls labeled KOJIEL HOXTOS.
  1787 | D:2      | 1787 ||| READING 5 scrolls labeled KUGEOH UMALOA.
  1792 | D:2      | 1792 ||| READING 2 scrolls of identify.
  1792 | D:2      | 1792 ||| IDENTIFYING fizzy emerald potion
  1793 | D:2      | 1793 ||| DROPPING scroll of amnesia.
  1816 | D:3      | 1816 ||| STAIRDANCE
  1904 | D:3      | 1904 ||| DRINKING potion of curing.
  1904 | D:3      | 1904 ||| (to cure confusion)
  1914 | D:3      | Reached XP level 6. HP: 29/38 MP: 6/6
  2101 | D:3      | 2101 ||| Stepping ~*~*~tactically~*~*~ (hiding).
  2102 | D:3      | 2102 ||| Waiting for ranged monster.
  2106 | D:3      | 2106 ||| Waiting for ranged monster.
  2107 | D:3      | 2107 ||| Waiting for ranged monster.
  2108 | D:3      | 2108 ||| Waiting for ranged monster.
  2109 | D:3      | 2109 ||| Waiting for ranged monster.
  2110 | D:3      | 2110 ||| Waiting for ranged monster.
  2200 | D:3      | 2200 ||| Stepping ~*~*~tactically~*~*~ (stealth).
  2251 | D:3      | 2251 ||| Stepping ~*~*~tactically~*~*~ (hiding).
  2252 | D:3      | 2252 ||| Stepping ~*~*~tactically~*~*~ (hiding).
  2253 | D:3      | 2253 ||| Waiting for ranged monster.
  2254 | D:3      | 2254 ||| Waiting for ranged monster.
  2255 | D:3      | 2255 ||| Waiting for ranged monster.
  2256 | D:3      | 2256 ||| Waiting for ranged monster.
  2257 | D:3      | 2257 ||| Stepping ~*~*~tactically~*~*~ (hiding).
  2258 | D:3      | 2258 ||| Waiting for ranged monster.
  2259 | D:3      | 2259 ||| Waiting for ranged monster.
  2260 | D:3      | 2260 ||| Waiting for ranged monster.
  2261 | D:3      | 2261 ||| Waiting for ranged monster.
  2262 | D:3      | 2262 ||| Waiting for ranged monster.
  2265 | D:3      | 2265 ||| Waiting for ranged monster.
  2266 | D:3      | 2266 ||| Waiting for ranged monster.
  2466 | D:3      | Found a hazy altar of Hepliaklqana.
  2509 | D:3      | 2509 ||| Stepping ~*~*~tactically~*~*~ (hiding).
  2510 | D:3      | 2510 ||| Stepping ~*~*~tactically~*~*~ (hiding).
  2511 | D:3      | 2511 ||| Stepping ~*~*~tactically~*~*~ (hiding).
  2512 | D:3      | 2512 ||| Stepping ~*~*~tactically~*~*~ (hiding).
  2513 | D:3      | 2513 ||| Waiting for ranged monster.
  2514 | D:3      | 2514 ||| Waiting for ranged monster.
  2515 | D:3      | 2515 ||| Waiting for ranged monster.
  2773 | D:3      | 2773 ||| UPGRADING to fire dragon scales.
  2783 | D:3      | 2783 ||| Stepping ~*~*~tactically~*~*~ (stealth).
  2793 | D:3      | 2793 ||| UPGRADING to runed cloak.
  2798 | D:3      | 2798 ||| READING 3 scrolls of remove curse.
  2799 | D:3      | 2799 ||| REMOVING -2 cloak.
  2804 | D:3      | 2804 ||| DROPPING -2 cloak.
  2805 | D:3      | 2805 ||| UPGRADING to marble ring.
  2806 | D:3      | 2806 ||| DRINKING 2 ruby potions.
  2807 | D:3      | 2807 ||| READING 3 scrolls of identify.
  2807 | D:3      | 2807 ||| IDENTIFYING sapphire potion
  2808 | D:3      | 2808 ||| READING 2 scrolls of identify.
  2808 | D:3      | 2808 ||| IDENTIFYING murky pink potion
  2809 | D:3      | 2809 ||| DROPPING potion of degeneration.
  2810 | D:3      | 2810 ||| DROPPING potion of flight.
  2834 | D:4      | 2834 ||| SHOPLISTING ring of protection from fire (300
                  | gold, have 125).
  2834 | D:4      | 2834 ||| SHOPLISTING ring of protection from magic (300
                  | gold, have 125).
  2834 | D:4      | 2834 ||| SHOPLISTING amulet "Tus Wao" {rPois rN+ Regen+}
                  | (544 gold, have 125).
  2874 | D:4      | 2874 ||| READING scroll of enchant weapon.
  2874 | D:4      | 2874 ||| ENCHANTING +1 war axe.
  2888 | D:4      | Found a transporter.
  2890 | D:4      | Found a transporter.
  2897 | D:4      | Identified the +2 whip of Tiboev {distort, rElec rPois rC-}
  2902 | D:4      | Found a one-way gate to the infinite horrors of the Abyss.
  2902 | D:4      | Noticed gruber's ghost (amateur DEIE)
  2925 | D:4      | Noticed Edmund
  2933 | D:4      | 2933 ||| FLEEEEING.
  2934 | D:4      | 2934 ||| FLEEEEING.
  2935 | D:4      | 2935 ||| FLEEEEING.
  2936 | D:4      | 2936 ||| FLEEEEING.
  2937 | D:4      | 2937 ||| FLEEEEING.
  2938 | D:4      | 2938 ||| FLEEEEING.
  2939 | D:4      | 2939 ||| FLEEEEING.
  2940 | D:4      | 2940 ||| FLEEEEING.
  2941 | D:4      | 2941 ||| FLEEEEING.
  2942 | D:4      | 2942 ||| FLEEEEING.
  2943 | D:4      | 2943 ||| FLEEEEING.
  2944 | D:4      | 2944 ||| FLEEEEING.
  2945 | D:4      | 2945 ||| FLEEEEING.
  2946 | D:4      | 2946 ||| FLEEEEING.
  2947 | D:4      | 2947 ||| FLEEEEING.
  2948 | D:4      | 2948 ||| FLEEEEING.
  2949 | D:4      | 2949 ||| FLEEEEING.
  2950 | D:4      | 2950 ||| FLEEEEING.
  2951 | D:4      | 2951 ||| FLEEEEING.
  2952 | D:4      | 2952 ||| FLEEEEING.
  2953 | D:4      | 2953 ||| FLEEEEING.
  2961 | D:4      | 2961 ||| FLEEEEING.
  2962 | D:4      | 2962 ||| FLEEEEING.
  2963 | D:4      | 2963 ||| FLEEEEING.
  2964 | D:4      | 2964 ||| FLEEEEING.
  2965 | D:4      | 2965 ||| FLEEEEING.
  2966 | D:4      | 2966 ||| FLEEEEING.
  2967 | D:4      | 2967 ||| FLEEEEING.
  2968 | D:4      | 2968 ||| FLEEEEING.
  2969 | D:4      | 2969 ||| FLEEEEING.
  2970 | D:4      | 2970 ||| FLEEEEING.
  2971 | D:4      | 2971 ||| FLEEEEING.
  2972 | D:4      | 2972 ||| FLEEEEING.
  2973 | D:4      | 2973 ||| FLEEEEING.
  2974 | D:4      | 2974 ||| FLEEEEING.
  2975 | D:4      | 2975 ||| FLEEEEING.
  2976 | D:4      | 2976 ||| FLEEEEING.
  2977 | D:4      | 2977 ||| FLEEEEING.
  2978 | D:4      | 2978 ||| FLEEEEING.
  2979 | D:4      | 2979 ||| FLEEEEING.
  2980 | D:4      | 2980 ||| FLEEEEING.
  2981 | D:4      | 2981 ||| FLEEEEING.
  2982 | D:4      | 2982 ||| FLEEEEING.
  2983 | D:4      | 2983 ||| FLEEEEING.
  2984 | D:4      | 2984 ||| FLEEEEING.
  2985 | D:4      | 2985 ||| FLEEEEING.
  2986 | D:4      | 2986 ||| FLEEEEING.
  3000 | D:4      | Killed Edmund
  3001 | D:4      | 3001 ||| STAIRDANCE
  3221 | D:3      | 3221 ||| UPGRADING to diamond ring.
  3281 | D:4      | 3281 ||| FLEEEEING.
  3282 | D:4      | 3282 ||| FLEEEEING.
  3283 | D:4      | 3283 ||| FLEEEEING.
  3284 | D:4      | 3284 ||| FLEEEEING.
  3285 | D:4      | 3285 ||| FLEEEEING.
  3286 | D:4      | 3286 ||| FLEEEEING.
  3287 | D:4      | 3287 ||| FLEEEEING.
  3288 | D:4      | 3288 ||| FLEEEEING.
  3289 | D:4      | 3289 ||| FLEEEEING.
  3290 | D:4      | 3290 ||| FLEEEEING.
  3291 | D:4      | 3291 ||| FLEEEEING.
  3292 | D:4      | 3292 ||| FLEEEEING.
  3293 | D:4      | 3293 ||| FLEEEEING.
  3294 | D:4      | 3294 ||| FLEEEEING.
  3295 | D:4      | 3295 ||| FLEEEEING.
  3328 | D:4      | Noticed Eustachio
  3355 | D:4      | 3355 ||| FLEEEEING.
  3356 | D:4      | 3356 ||| FLEEEEING.
  3357 | D:4      | 3357 ||| FLEEEEING.
  3358 | D:4      | 3358 ||| FLEEEEING.
  3359 | D:4      | 3359 ||| FLEEEEING.
  3360 | D:4      | 3360 ||| FLEEEEING.
  3361 | D:4      | 3361 ||| FLEEEEING.
  3362 | D:4      | 3362 ||| FLEEEEING.
  3363 | D:4      | 3363 ||| FLEEEEING.
  3364 | D:4      | 3364 ||| FLEEEEING.
  3365 | D:4      | 3365 ||| FLEEEEING.
  3366 | D:4      | 3366 ||| FLEEEEING.
  3367 | D:4      | 3367 ||| FLEEEEING.
  3368 | D:4      | 3368 ||| FLEEEEING.
  3369 | D:4      | 3369 ||| FLEEEEING.
  3370 | D:4      | 3370 ||| FLEEEEING.
  3381 | D:4      | Killed Eustachio
  3381 | D:4      | Reached XP level 7. HP: 37/43 MP: 7/7
  3417 | D:4      | 3417 ||| EATING 9 rations.
  3561 | D:4      | Found a shimmering altar of Xom.
  3582 | D:4      | Reached skill level 6 in Axes
  3592 | D:4      | 3592 ||| READING scroll of enchant weapon.
  3592 | D:4      | 3592 ||| ENCHANTING +2 war axe.
  3669 | D:4      | 3669 ||| DRINKING 2 smoky inky potions.
  3698 | D:4      | 3698 ||| DROPPING potion of lignification.
  3731 | D:5      | Entered Level 5 of the Dungeon
  3737 | D:5      | 3737 ||| Stepping ~*~*~tactically~*~*~ (stealth).
  3740 | D:5      | 3740 ||| Stepping ~*~*~tactically~*~*~ (stealth).
  3741 | D:5      | 3741 ||| Stepping ~*~*~tactically~*~*~ (stealth).
  3742 | D:5      | 3742 ||| Stepping ~*~*~tactically~*~*~ (stealth).
  3965 | D:5      | 3965 ||| Stepping ~*~*~tactically~*~*~ (stealth).
  3966 | D:5      | 3966 ||| Stepping ~*~*~tactically~*~*~ (stealth).
  3994 | D:5      | Found a shimmering blue altar of Sif Muna.
  4003 | D:5      | 4003 ||| Stepping ~*~*~tactically~*~*~ (hiding).
  4004 | D:5      | 4004 ||| Waiting for ranged monster.
  4005 | D:5      | 4005 ||| Waiting for ranged monster.
  4009 | D:5      | 4009 ||| Stepping ~*~*~tactically~*~*~ (hiding).
  4010 | D:5      | 4010 ||| Waiting for ranged monster.
  4021 | D:5      | 4021 ||| FLEEEEING.
  4027 | D:5      | 4027 ||| FLEEEEING.
  4028 | D:5      | 4028 ||| FLEEEEING.
  4029 | D:5      | 4029 ||| FLEEEEING.
  4030 | D:5      | 4030 ||| FLEEEEING.
  4031 | D:5      | 4031 ||| FLEEEEING.
  4032 | D:5      | 4032 ||| FLEEEEING.
  4033 | D:5      | 4033 ||| FLEEEEING.
  4034 | D:5      | 4034 ||| FLEEEEING.
  4035 | D:5      | 4035 ||| FLEEEEING.
  4036 | D:5      | 4036 ||| FLEEEEING.
  4037 | D:5      | 4037 ||| FLEEEEING.
  4038 | D:5      | 4038 ||| FLEEEEING.
  4039 | D:5      | 4039 ||| FLEEEEING.
  4040 | D:5      | 4040 ||| FLEEEEING.
  4041 | D:5      | 4041 ||| FLEEEEING.
  4042 | D:5      | 4042 ||| FLEEEEING.
  4043 | D:5      | 4043 ||| FLEEEEING.
  4044 | D:5      | 4044 ||| FLEEEEING.
  4045 | D:5      | 4045 ||| FLEEEEING.
  4046 | D:5      | 4046 ||| FLEEEEING.
  4047 | D:5      | 4047 ||| FLEEEEING.
  4054 | D:5      | 4054 ||| STAIRDANCE
  4245 | D:4      | 4245 ||| UPGRADING to glowing kite shield.
  4255 | D:4      | 4255 ||| DROPPING +0 kite shield.
  4256 | D:4      | 4256 ||| READING 3 scrolls labeled ZONECV TIREM.
  4257 | D:4      | 4257 ||| READING scroll labeled BERASETWY.
  4258 | D:4      | 4258 ||| DROPPING 2 scrolls of immolation.
  4268 | D:5      | 4268 ||| Stepping ~*~*~tactically~*~*~ (stealth).
  4271 | D:5      | 4271 ||| Stepping ~*~*~tactically~*~*~ (stealth).
  4286 | D:5      | Reached skill level 7 in Axes
  4304 | D:5      | Found a snail-covered altar of Cheibriados.
  4416 | D:5      | Found a staircase to the Ecumenical Temple.
  4426 | Temple   | Entered the Ecumenical Temple
  4427 | Temple   | 4427 ||| Entered T.
  4433 | Temple   | Became a worshipper of Ru the Awakened
  4508 | D:6      | 4508 ||| Stepping ~*~*~tactically~*~*~ (stealth).
  4509 | D:6      | 4509 ||| Stepping ~*~*~tactically~*~*~ (stealth).
  4510 | D:6      | 4510 ||| Stepping ~*~*~tactically~*~*~ (stealth).
  4516 | D:6      | 4516 ||| Stepping ~*~*~tactically~*~*~ (stealth).
  4517 | D:6      | 4517 ||| Stepping ~*~*~tactically~*~*~ (stealth).
  4518 | D:6      | 4518 ||| DROPPING +0 whip.
  4525 | D:6      | 4525 ||| Stepping ~*~*~tactically~*~*~ (stealth).
  4526 | D:6      | 4526 ||| Stepping ~*~*~tactically~*~*~ (stealth).
  4527 | D:6      | 4527 ||| Stepping ~*~*~tactically~*~*~ (stealth).
  4530 | D:6      | 4530 ||| Stepping ~*~*~tactically~*~*~ (stealth).
  4536 | D:6      | 4536 ||| DROPPING +0 flail.
  4576 | D:6      | Reached XP level 8. HP: 24/48 MP: 8/8
  4580 | D:6      | 4580 ||| FLEEEEING.
  4581 | D:6      | 4581 ||| FLEEEEING.
  4582 | D:6      | 4582 ||| FLEEEEING.
  4583 | D:6      | 4583 ||| FLEEEEING.
  4584 | D:6      | 4584 ||| FLEEEEING.
  4585 | D:6      | 4585 ||| FLEEEEING.
  4586 | D:6      | 4586 ||| FLEEEEING.
  4587 | D:6      | 4587 ||| FLEEEEING.
  4588 | D:6      | 4588 ||| FLEEEEING.
  4589 | D:6      | 4589 ||| FLEEEEING.
  4590 | D:6      | 4590 ||| FLEEEEING.
  4591 | D:6      | 4591 ||| FLEEEEING.
  4592 | D:6      | 4592 ||| FLEEEEING.
  4593 | D:6      | 4593 ||| FLEEEEING.
  4594 | D:6      | 4594 ||| FLEEEEING.
  4595 | D:6      | 4595 ||| FLEEEEING.
  4596 | D:6      | 4596 ||| FLEEEEING.
  4597 | D:6      | 4597 ||| FLEEEEING.
  4598 | D:6      | 4598 ||| FLEEEEING.
  4599 | D:6      | 4599 ||| FLEEEEING.
  4600 | D:6      | 4600 ||| FLEEEEING.
  4601 | D:6      | 4601 ||| FLEEEEING.
  4602 | D:6      | 4602 ||| FLEEEEING.
  4603 | D:6      | 4603 ||| FLEEEEING.
  4604 | D:6      | 4604 ||| FLEEEEING.
  4605 | D:6      | 4605 ||| FLEEEEING.
  4606 | D:6      | 4606 ||| FLEEEEING.
  4607 | D:6      | 4607 ||| FLEEEEING.
  4608 | D:6      | 4608 ||| FLEEEEING.
  4609 | D:6      | 4609 ||| FLEEEEING.
  4610 | D:6      | 4610 ||| FLEEEEING.
  4611 | D:6      | 4611 ||| FLEEEEING.
  4612 | D:6      | 4612 ||| FLEEEEING.
  4613 | D:6      | 4613 ||| FLEEEEING.
  4614 | D:6      | 4614 ||| FLEEEEING.
  4615 | D:6      | 4615 ||| FLEEEEING.
  4616 | D:6      | 4616 ||| FLEEEEING.
  4617 | D:6      | 4617 ||| FLEEEEING.
  4618 | D:6      | 4618 ||| STAIRDANCE
  4788 | D:6      | 4788 ||| STAIRDANCE
  4815 | D:6      | 4815 ||| STAIRDANCE
  5078 | D:6      | 5078 ||| Stepping ~*~*~tactically~*~*~ (stealth).
  5079 | D:6      | 5079 ||| Stepping ~*~*~tactically~*~*~ (stealth).
  5098 | D:6      | Noticed Grinder
  5102 | D:6      | 5102 ||| Stepping ~*~*~tactically~*~*~ (hiding).
  5103 | D:6      | 5103 ||| Stepping ~*~*~tactically~*~*~ (hiding).
  5104 | D:6      | 5104 ||| Stepping ~*~*~tactically~*~*~ (hiding).
  5105 | D:6      | 5105 ||| Stepping ~*~*~tactically~*~*~ (hiding).
  5106 | D:6      | 5106 ||| Stepping ~*~*~tactically~*~*~ (hiding).
  5107 | D:6      | 5107 ||| Stepping ~*~*~tactically~*~*~ (hiding).
  5108 | D:6      | 5108 ||| Stepping ~*~*~tactically~*~*~ (hiding).
  5109 | D:6      | 5109 ||| Stepping ~*~*~tactically~*~*~ (hiding).
  5110 | D:6      | 5110 ||| Stepping ~*~*~tactically~*~*~ (hiding).
  5111 | D:6      | 5111 ||| Stepping ~*~*~tactically~*~*~ (hiding).
  5112 | D:6      | 5112 ||| Stepping ~*~*~tactically~*~*~ (hiding).
  5113 | D:6      | 5113 ||| Stepping ~*~*~tactically~*~*~ (hiding).
  5114 | D:6      | 5114 ||| Stepping ~*~*~tactically~*~*~ (hiding).
  5115 | D:6      | 5115 ||| Waiting for ranged monster.
  5116 | D:6      | 5116 ||| Waiting for ranged monster.
  5119 | D:6      | Paralysed by Grinder for 7 turns
  5129 | D:6      | Paralysed by Grinder for 2 turns
  5136 | D:6      | Killed Grinder
  5136 | D:6      | Reached skill level 6 in Shields
  5560 | D:6      | 5560 ||| READING 2 scrolls of identify.
  5560 | D:6      | 5560 ||| IDENTIFYING viscous black potion
  5561 | D:6      | 5561 ||| DROPPING potion of stabbing.
  5585 | D:7      | 5585 ||| STAIRDANCE
  5618 | D:7      | 5618 ||| STAIRDANCE
  5628 | D:6      | 5628 ||| DROPPING +0 flail of protection.
  5635 | D:7      | 5635 ||| Stepping ~*~*~tactically~*~*~ (hiding).
  5636 | D:7      | 5636 ||| Stepping ~*~*~tactically~*~*~ (hiding).
  5644 | D:7      | 5644 ||| Stepping ~*~*~tactically~*~*~ (hiding).
  5645 | D:7      | 5645 ||| Waiting for ranged monster.
  5646 | D:7      | 5646 ||| Waiting for ranged monster.
  5647 | D:7      | 5647 ||| Waiting for ranged monster.
  5648 | D:7      | 5648 ||| Waiting for ranged monster.
  5661 | D:7      | Reached skill level 8 in Axes
  5664 | D:7      | 5664 ||| EATING 15 rations.
  5675 | D:7      | Found a flagged portal.
  5734 | D:7      | 5734 ||| Stepping ~*~*~tactically~*~*~ (stealth).
  5741 | D:7      | 5741 ||| EATING 14 rations.
  5746 | D:7      | 5746 ||| EATING 14 rations.
  5747 | D:7      | Reached skill level 6 in Fighting
  5747 | D:7      | Reached XP level 9. HP: 55/55 MP: 9/9
  5812 | D:7      | 5812 ||| Stepping ~*~*~tactically~*~*~ (stealth).
  5814 | D:7      | 5814 ||| Stepping ~*~*~tactically~*~*~ (hiding).
  5818 | D:7      | 5818 ||| Waiting for ranged monster.
  5855 | D:7      | Noticed a two-headed ogre
  5867 | D:7      | 5867 ||| FLEEEEING.
  5868 | D:7      | 5868 ||| FLEEEEING.
  5869 | D:7      | 5869 ||| FLEEEEING.
  5870 | D:7      | 5870 ||| FLEEEEING.
  5871 | D:7      | 5871 ||| FLEEEEING.
  5872 | D:7      | 5872 ||| FLEEEEING.
  5873 | D:7      | 5873 ||| FLEEEEING.
  5874 | D:7      | 5874 ||| FLEEEEING.
  5875 | D:7      | 5875 ||| FLEEEEING.
  5876 | D:7      | 5876 ||| FLEEEEING.
  5877 | D:7      | 5877 ||| FLEEEEING.
  5878 | D:7      | 5878 ||| FLEEEEING.
  5879 | D:7      | 5879 ||| FLEEEEING.
  5880 | D:7      | 5880 ||| FLEEEEING.
  5881 | D:7      | 5881 ||| FLEEEEING.
  5882 | D:7      | 5882 ||| FLEEEEING.
  5883 | D:7      | 5883 ||| FLEEEEING.
  5894 | D:7      | HP: 13/55 [two-headed ogre/+0 giant club (4)]
  5895 | D:7      | 5895 ||| READING 6 scrolls of teleportation.
  5896 | D:7      | HP: 6/55 [two-headed ogre/+0 giant club (8)]
  5896 | D:7      | Slain by a two-headed ogre

Levels and vault maps discovered:
D:1:      psy_arrival_dodecagon, layout_loops_ring
D:2:      layout_rooms, lemuel_round_altar
D:3:      layout_loops_corners, marbit_many_paths, first_ration,
          minmay_box_of_dots
D:4:      layout_loops_ring, nicolae_ashenzari_panopticon, kennysheep_mini,
          gammafunk_ghost_abyssal_escape, serial_shops, shop, uniq_edmund,
          uniq_eustachio
D:5:      layout_rooms, lemuel_round_altar, lemuel_crystal_altar, temple_green
D:6:      layout_basic, minmay_liquid_box, uniq_grinder
D:7:      layout_cave_pools, enter_bailey_2
Temple:   nicolae_temple_no_exploring_needed

Skill      XL: |  1  2  3  4  5  6  7  8 |
---------------+-------------------------+-----
Axes           | 2 3 4 5 7 8 |  8.6
Fighting       | 4 6 |  6.2
Shields        | 4 6 |  6.0
Dodging        | 2 |  2.1
Armour         | |  3.2

Action                   |  1- 3 |  4- 6 |  7- 9 || total
-------------------------+-------+-------+-------++-------
Melee: War axe           |    72 |   185 |   253 ||   510
Throw: Boomerang         |       |    16 |    15 ||    31
  Use: Scroll            |     5 |    10 |     5 ||    20
       Potion            |     1 |     2 |     1 ||     4
  Eat: Ration            |       |     1 |     2 ||     3
       Chunk             |       |     4 |     8 ||    12
Armor: Scale mail        |    17 |       |       ||    17
       Chain mail        |    11 |    74 |       ||    85
       Fire dragon scale |       |    34 |   120 ||   154
Dodge: Dodged            |    16 |    40 |    61 ||   117
Block: Kite shield       |    35 |    86 |   123 ||   244

Table legend:
 A = Non-vault XP
 B = Vault XP
 C = Vault XP percentage of total XP
 D = Non-vault monster count
 E = Vault monster count
 F = Vault count percentage of total count
                 A         B        C        D         E       F
            +---------+---------+-------+---------+---------+-------
      Total |    2074 |     691 |  25.0 |     109 |       8 |   6.8
            +---------+---------+-------+---------+---------+-------
        D:1 |      38 |       0 |   0.0 |      19 |       0 |   0.0
        D:2 |      24 |       0 |   0.0 |       7 |       0 |   0.0
        D:3 |      78 |      52 |  40.0 |      18 |       5 |  21.7
        D:4 |     271 |     358 |  56.9 |       9 |       2 |  18.2
        D:5 |     338 |       0 |   0.0 |      23 |       0 |   0.0
        D:6 |     566 |     281 |  33.2 |      19 |       1 |   5.0
        D:7 |     759 |       0 |   0.0 |      14 |       0 |   0.0
            +---------+---------+-------+---------+---------+-------
